 Dungeon Crawl Stone Soup version 0.28-a0-529-g3bad584f25 (webtiles) character file.

Game seed: 309664709967288508

25 peenler the Grave Robber (level 2, -1/19 HPs)
             Began as a Mummy Necromancer on Sept 24, 2021.
             Was a Believer of Lugonu.
             Slain by a goblin (3 damage)
             ... on level 2 of the Dungeon.
             The game lasted 00:05:51 (1373 turns).

peenler the Grave Robber (Mummy Necromancer)        Turns: 1373, Time: 00:05:52

Health: -1/19      AC:  2    Str: 11    XL:     2   Next: 82%
Magic:  6/6        EV: 12    Int: 14    God:    Lugonu [**....]
Gold:   49         SH:  0    Dex: 12    Spells: 6/7 levels left

rFire   x . .      SeeInvis .   b - +0 whip {shwiper}
rCold   + . .      Faith    .   (no shield)
rNeg    + + +      Spirit   .   a - +0 robe
rPois   ∞          Reflect  .   (no helmet)
rElec   .          Harm     .   (no cloak)
rCorr   .          Rampage  .   (no gloves)
Will    .....                   (no boots)
Stlth   ++........              (no amulet)
HPRegen 0.06/turn               (no ring)
MPRegen 0.10/turn               (no ring)

@: no status effects
A: cold resistance 1, negative energy resistance 3, torment resistance 2, heat
vulnerability 1, no potions
a: Renounce Religion, Depart the Abyss, Bend Space


You were on level 2 of the Dungeon.
You worshipped Lugonu.
Lugonu was pleased with you.
You visited 1 branch of the dungeon, and saw 2 of its levels.

You collected 49 gold pieces.

Inventory:

Hand Weapons
 b - a +0 whip (weapon) {shwiper}
Armour
 a - a +0 robe (worn)
Potions
 c - a potion of brilliance {unknown}


   Skills:
 + Level 1.6 Dodging
 + Level 1.6 Stealth
 + Level 0.1 Unarmed Combat
 + Level 3.4 Spellcasting
 + Level 4.4 Necromancy


You had 6 spell levels left.
You knew the following spells:

 Your Spells              Type           Power      Damage    Failure   Level
a - Pain                  Necr           56%        1d6       3%          1

Your spell library contained the following spells:

 Spells                   Type           Power      Damage    Failure   Level
 Animate Skeleton         Necr           28%        N/A       3%          1
 Vampiric Draining        Necr           7%         2d7       10%         3
 Animate Dead             Necr           7%         N/A       32%         4
 Agony                    Necr           14%        N/A       67%         5


Dungeon Overview and Level Annotations

Branches:
Dungeon (2/15)

Altars:
Lugonu

Shops:
D:1 [??


Innate Abilities, Weirdness & Mutations

You are immune to poison.
Your flesh is cold resistant. (rC+)
You are immune to negative energy. (rN+++)
You are immune to unholy pain and torment.
You are vulnerable to heat. (rF-)
You do not drink.


Message History

The rat bites you but does no damage. The rat closely misses you.
The rat twitches its whiskers.
Found 19 bolts.
The rat bites you.
Found a stone staircase leading down.
The rat closely misses you.
Found an escape hatch in the floor.
The rat bites you. The rat closely misses you.
The gnoll hits you with a +0 club! The gnoll misses you. The rat bites you.
* * * LOW HITPOINT WARNING * * *
Casting: Pain (safe; 3% risk of failure)
Confirm with . or Enter, or press ? or * to list all spells.
You don't know that spell.
A frilled lizard and an endoplasm come into view.
The rat twitches its whiskers.
The frilled lizard hisses angrily.
Found a quarterstaff.
The rat bites you.
* * * LOW HITPOINT WARNING * * *
A goblin comes into view. It is wielding a +0 dagger.
The goblin shouts!
A goblin comes into view. It is wielding a +0 club.
The goblin hits you with a +0 dagger.
* * * LOW HITPOINT WARNING * * *
The goblin shouts!
The gnoll barely misses you. The rat barely misses you.
The goblin barely misses you.
A kobold comes into view. It is wielding a +0 dagger.
The goblin hits you with a +0 club.
* * * LOW HITPOINT WARNING * * *
A ball python comes into view.
The gnoll barely misses you.
The endoplasm jiggles.
A rat comes into view.
The ball python closely misses you. The ball python barely misses you.
You closely miss the rat. The goblin hits you with a +0 club.
You die...

##. # ..# ##..#.. #
###..#...#..
##..#...#...#
#.#..r#...#..
#...#@..#...#
#.#..g#S..#..
#...#g..#...#
#.#.Jg#...#..
#...#r.g#...# .#.
#.#...#...#K. #...
#...#l.g#...# ..#.
#.#.g.#...#.. .#...
#...#...#...#...#...#.


You could see 4 gnolls, an endoplasm, a goblin, a ball python, a frilled lizard
and 2 rats.

Vanquished Creatures
  2 dart slugs (D:1)
  2 bats (D:1)
  An endoplasm (D:1)
  A giant cockroach (D:1)
  3 hobgoblins (D:1)
  4 kobolds (D:1)
  2 ball pythons (D:1)
  2 frilled lizards (D:1)
  6 rats (D:1)
23 creatures vanquished.

Notes
Turn   | Place    | Note
-------+----------+-------------------------------------------
     0 | D:1      | peenler the Mummy Necromancer began the quest for the Orb.
     0 | D:1      | Reached XP level 1. HP: 13/13 MP: 4/4
    70 | D:1      | Found Lulyer's Antique Armour Shop.
   226 | D:1      | Reached XP level 2. HP: 19/19 MP: 2/5
   420 | D:1      | Found Ega Loc's Magic Scroll Shoppe.
   479 | D:1      | Found Larodov's Magic Scroll Shop.
  1024 | D:1      | Found a faded altar of an unknown god.
  1028 | D:1      | Became a worshipper of Lugonu the Unformed
  1028 | D:1      | Reached * piety under Lugonu
  1028 | D:1      | Reached ** piety under Lugonu
  1373 | D:2      | Slain by a goblin

Illustrated notes

Levels and vault maps discovered:
D:1:      wheals_arrival_shading, layout_loops_ring,
          hellmonk_ecumenical_altar_inner_sanctum, serial_shops,
          nicolae_shop_statue_plus, nicolae_shop_stone, shop
D:2:      layout_basic, hex_large, chequers_serial_rivers_small_a, uniq_terence

Skill      XL: |  1  2 |
---------------+-------+-----
Spellcasting   | 3 |  3.4
Dodging        | |  1.6
Stealth        | |  1.6
Unarmed Combat | |  0.1
Necromancy     | |  4.4

Action                   || total
-------------------------++-------
Melee: Unarmed           ||     7
       Whip              ||     4
 Cast: Pain              ||    39
Invok: Bend Space        ||     1
Armor: Robe              ||     9
Dodge: Dodged            ||    20

Table legend: (Time is in decaauts)
 A = Elapsed time spent in this place.
 B = Non-inter-level travel time spent in this place.
 C = Inter-level travel time spent in this place.
 D = Time resting spent in this place.
 E = Time spent auto-exploring this place.
 F = Levels seen in this place.
 G = Mean time per level.
                   A        B        C        D        E       F      G
               +--------+--------+--------+--------+--------+-----+--------+
         Total |   1372 |   1338 |     34 |    377 |    565 |   2 |  686.0 |
       Dungeon |   1372 |   1338 |     34 |    377 |    565 |   2 |  686.0 |
               +--------+--------+--------+--------+--------+-----+--------+

Top non-repeatable levels by time:
     D:1: 1283 daAuts
     D:2: 88 daAuts
